[Event "Live Chess"]
[Site "Chess.com"]
[Date "2020.09.22"]
[Round "6"]
[White "AlexanderL"]
[Black "FlightsOfFancy"]
[Result "1-0"]
[ECO "A30"]
[WhiteElo "2717"]
[BlackElo "2075"]
[TimeControl "2100+2"]
[EndTime "21:08:55 PDT"]
[Termination "AlexanderL won on time"]

1. Nf3 c5 2. c4 g6 3. d4 cxd4 4. Nxd4 Bg7 5. e4 Nc6 6. Be3 Nf6 7. Nc3 Ng4 8. Qxg4 Nxd4 9. Qd1 e5 10. Bd3 O-O 11.
O-O b6 12. Qd2 Bb7 13. Rad1 f5 14. exf5 gxf5 15. Bxd4 exd4 16. Nb5 Qh4 17. f3 Rf6 18. Qf2 Qh5 19. Rde1 Raf8 20. Re7 Rh6 21. Rxg7+ Kxg7 22. Qxd4+ Kg8 23. Qf4 Qh4 24. Qxh4 Rxh4 25. Rd1 d5 26.
Nd6 dxc4 27. Bxc4+ Kh8 28. Be6 Bc6 29. Rc1 Ba8 30.
Nxf5 Rf4 31. Rc7 a5 32. Kf2 1-0

[Event "Live Chess"]
[Site "Chess.com"]
[Date "2020.09.22"]
[Round "6"]
[White "andrewaballantyne"]
[Black "SunnyCountry"]
[Result "0-1"]
[ECO "B21"]
[WhiteElo "948"]
[BlackElo "1193"]
[TimeControl "2100+2"]
[EndTime "20:46:31 PDT"]
[Termination "SunnyCountry won by resignation"]

1. e4 c5 2. d4 cxd4 3. c3 dxc3 4. Nxc3 Nc6 5. Nf3 d6 6. Bc4 e6 7. O-O Nf6 8. Qe2 Be7 9. Rd1 O-O 10. e5 Ne8 11. Bf4 d5 12. Bb3 Qc7 13. a3 a6 14.
Qd3 g6 15. Bh6 Ng7 16. Ng5 Bxg5 17. Bxg5 Nxe5 18. Qd4 Nf5 19. Qf4 f6 20. Bh6 Nxh6 21.
Qxh6 Ng4 22. Qh4 f5 23. Rac1 Qd8 24. Qg3 Kh8 25. h3 Nf6 26. Qe5 b5 27. g4 Qe8 28.
g5 Qe7 29. Nxd5 Qf7 30. Rc7 Qe8 31. gxf6 exd5 32. f7+ Qxe5 33. Bxd5 Qxc7 34. Bxa8 Rxf7 35. Bf3 Bb7 36. Be2 Qc6 37. f3 Re7 38. Rd8+ Kg7 39.
Bd3 0-1

[Event "Live Chess"]
[Site "Chess.com"]
[Date "2020.09.22"]
[Round "6"]
[White "ashikuzzaman"]
[Black "TABiyiasas"]
[Result "0-1"]
[ECO "C36"]
[WhiteElo "1940"]
[BlackElo "2175"]
[TimeControl "2100+2"]
[EndTime "20:29:35 PDT"]
[Termination "TABiyiasas won by resignation"]

1. e4 e5 2. f4 d5 3. exd5 exf4 4. Nf3 Nf6 5. d4 Nxd5 6. c4 Bb4+ 7. Kf2 Ne3 8. Bxe3 fxe3+ 9. Kxe3 O-O 10. Nc3 Nc6 11.
a3 Re8+ 12. Kf2 Be7 13. Nd5 Bg4 14. Nxe7+ Qxe7 15. Qd2 Bxf3 16. gxf3 Qh4+ 17. Kg2 Nxd4 18. Rd1 c5 19. Bd3 Re5 20. Rhf1 Rae8 21. Rf2 g6 22.
Be4 b6 23. Rdf1 Kg7 24. Bd5 Re2 25. Qd1 R8e5 26. b4 Rg5+ 27. Kh1 Rxf2 28. Rxf2 Qxf2 29. f4 Rh5 30. Qg1 Qxg1+ 31. Kxg1 Ne2+ 32. Kf2 Nxf4 0-1

[Event "Live Chess"]
[Site "Chess.com"]
[Date "2020.09.22"]
[Round "6"]
[White "bobbejaan"]
[Black "katechen77"]
[Result "1/2-1/2"]
[ECO "B34"]
[WhiteElo "1884"]
[BlackElo "1719"]
[TimeControl "2100+2"]
[EndTime "21:00:49 PDT"]
[Termination "Game drawn by agreement"]

1. e4 c5 2. Nf3 Nc6 3. d4 cxd4 4. Nxd4 g6 5. Nc3 Bg7 6. Be3 Nf6 7. Bb5 O-O 8. O-O a6 9. Bxc6 dxc6 10. Qd2 Ng4 11. Rad1 Nxe3 12. Qxe3 Qc7 13. Nb3 a5 14. a4 b6 15. Rd2 Ba6 16. Rfd1 Rad8 17. Rxd8 Rxd8 18.
Rxd8+ Qxd8 19. h3 e6 20. e5 c5 21. f4 Bb7 22. Qd2 Qxd2 23. Nxd2 Bd5 24. Kf2 f6 25.
Nxd5 exd5 26. exf6 Bxf6 27. b3 Kf7 28. c4 Ke6 29. Ke3 d4+ 30. Ke4 h5 31. g4 hxg4 32.
hxg4 Bd8 33. Nf3 Bf6 34. f5+ gxf5+ 35. gxf5+ Kd6 36. Ne1 Bg5 37. Nd3 Bh6 38. Kf3 Bg5 39.
Kg4 Bf6 40. Kh5 Ke7 41. Kg6 Bh8 42. Nf4 Be5 43. Nd5+ Kf8 44. Kg5 d3 45. Kg4 d2 46.
Ne3 Kf7 47. Kf3 Bd4 48. Nd1 Kf6 49. Ke4 Kg5 50. Kd3 Kxf5 51. Kxd2 Kf4 1/2-1/2

[Event "Live Chess"]
[Site "Chess.com"]
[Date "2020.09.22"]
[Round "6"]
[White "BreatheChessAlways"]
[Black "Talenuf"]
[Result "1-0"]
[ECO "A45"]
[WhiteElo "1941"]
[BlackElo "1900"]
[TimeControl "2100+2"]
[EndTime "20:27:28 PDT"]
[Termination "BreatheChessAlways won by resignation"]

1. d4 Nf6 2. Bf4 e6 3. e3 d5 4. Nd2 Bd6 5. Bg3 Nbd7 6. c3 Bxg3 7. hxg3 c5 8. Ngf3 h6 9. Bd3 Qe7 10. Ne5 Nxe5 11. dxe5 Nd7 12. f4 c4 13. Bc2 Qc5 14.
Nf1 Qb6 15. Rb1 Nc5 16. Qg4 g6 17. Bxg6 Rg8 18. Rxh6 fxg6 19. Rxg6 Rxg6 20. Qxg6+ Kd8 21. Qf6+ Kc7 22. Qf8 Qa6 23. Qxc5+ Kd7 24. a3 b5 25. f5 exf5 26. Qxd5+ 1-0

[Event "Live Chess"]
[Site "Chess.com"]
[Date "2020.09.22"]
[Round "6"]
[White "camachom"]
[Black "JuditSztaray"]
[Result "1-0"]
[ECO "A01"]
[WhiteElo "1031"]
[BlackElo "827"]
[TimeControl "2100+2"]
[EndTime "20:55:27 PDT"]
[Termination "camachom won by resignation"]

1. b3 e5 2. Bb2 Nf6 3. Bxe5 Be7 4. e3 d6 5. Bb2 O-O 6. Nf3 Bg4 7. Be2 Re8 8. h3 Bxf3 9. gxf3 c6 10. Nc3 d5 11. d4 Bb4 12. Qd3 Qd6 13. O-O-O b6 14.
Rdg1 g6 15. h4 Nh5 16. f4 Bxc3 17. Bxc3 f5 18. Bxh5 Kf8 19. Be2 Nd7 20. h5 Re7 21. hxg6 Nf6 22. Qxf5 Rae8 23. gxh7 Rxh7 24. Rxh7 Re7 25.
Qc8+ Re8 26. Rh8+ Kf7 27. Rxe8 Nxe8 28. Bh5+ Kf6 29. Rg6+ 1-0

[Event "Live Chess"]
[Site "Chess.com"]
[Date "2020.09.22"]
[Round "6"]
[White "chesspilot01"]
[Black "Shouldbedoincalchw"]
[Result "1-0"]
[ECO "B92"]
[WhiteElo "2087"]
[BlackElo "2071"]
[TimeControl "2100+2"]
[EndTime "20:32:46 PDT"]
[Termination "chesspilot01 won by resignation"]

1. e4 c5 2. Nf3 d6 3. d4 cxd4 4. Nxd4 Nf6 5. Nc3 a6 6. Be2 e5 7.
Nb3 Be6 8. O-O Be7 9. f4 exf4 10. Bxf4 Nc6 11. Nd4 Qb6 12. Be3 Qxb2 13. Qd2 Nxd4 14. Bxd4 Qa3 15. Rab1 b5 16. Qg5 O-O 17. Rxf6 Bxf6 18.
Bxf6 Qc5+ 19. Qxc5 dxc5 20. Bh4 f6 21. Bf2 Rac8 22.
a4 b4 23. Nd5 Bxd5 24. exd5 a5 25. Bc4 Rfd8 26. Bg3 g5 27. Re1 Kf7 28. d6+ Kg6 29.
Bd3+ Kg7 30. Re7+ Kg8 31. Bc4+ Kh8 32. d7 Ra8 33. Bd5 c4 34. Bxa8 b3 35. Re8+ Kg7 36. cxb3 Rxd7 37. bxc4 1-0

[Event "Live Chess"]
[Site "Chess.com"]
[Date "2020.09.22"]
[Round "6"]
[White "FelixGerman"]
[Black "achingolf"]
[Result "0-1"]
[ECO "A67"]
[WhiteElo "1976"]
[BlackElo "1811"]
[TimeControl "2100+2"]
[EndTime "21:12:36 PDT"]
[Termination "achingolf won on time"]

1. d4 Nf6 2. c4 c5 3. d5 e6 4. Nc3 exd5 5. cxd5 d6 6. e4 g6 7. f4 Bg7 8. Bb5+ Nfd7 9. a4 O-O 10. Nf3 a6 11. Bd3 Re8 12. O-O c4 13. Bc2 Nc5 14.
e5 Bg4 15. Be3 Nbd7 16. h3 Bxf3 17. Qxf3 dxe5 18. f5 Rc8 19. d6 Qb6 20. Rab1 Qxd6 21. fxg6 fxg6 22. Qf7+ Kh8 23. Qxc4 e4 24. Qe2 Nd3 25.
Qd2 N7c5 26. Rf7 Re7 27. Rxe7 Qxe7 28. b4 Ne6 29. Nd5 Qd6 30. Nb6 Rd8 31. a5 Qg3 32.
Rf1 Be5 33. Bxd3 Rxd3 34. Qa2 Qxe3+ 35. Kh1 Qg3 0-1

[Event "Live Chess"]
[Site "Chess.com"]
[Date "2020.09.22"]
[Round "6"]
[White "GiorgosTsolias"]
[Black "gmbchess"]
[Result "0-1"]
[ECO "C01"]
[WhiteElo "1679"]
[BlackElo "1494"]
[TimeControl "2100+2"]
[EndTime "21:05:50 PDT"]
[Termination "gmbchess won by resignation"]

1. e4 e6 2. d4 d5 3. exd5 exd5 4.
Bd3 Bd6 5. Ne2 Nf6 6. Bg5 Bg4 7. f3 Bh5 8. O-O Nbd7 9. c3 Bg6 10. Nf4 Bxd3 11.
Qxd3 O-O 12. Nxd5 h6 13. Nxf6+ Nxf6 14. Bh4 Be7 15. Re1 Re8 16. Nd2 c5 17. Bxf6 Bxf6 18. Rxe8+ Qxe8 19. dxc5 Rd8 20. Qe4 Qb5 21. Nc4 Qxc5+ 22.
Kf1 b5 23. Ne3 Rd2 24. Rb1 g6 25. Ke1 Rd6 26. Rd1 Re6 27. Rd5 Qxe3+ 28. Qxe3 Rxe3+ 29. Kf2 Re5 30. Rd6 Kg7 31. Ra6 Re7 32. Ra5 Rb7 33. Ke3 Bd8 34. Ra6 Rd7 35. b3 Bg5+ 36. f4 Bd8 37. c4 bxc4 38. bxc4 Bb6+ 39. Ke2 Rd4 40.
Ra4 Rxf4 41. Kd3 Rf2 42. Ke4 Rxg2 43. Kd5 Rxh2 44. Kc6 Rh5 45. Rb4 Ra5 46. a4 h5 47.
Rxb6 axb6 48. Kxb6 Rxa4 49. c5 h4 50. c6 Rc4 51. c7 h3 52. Kb7 Rxc7+ 0-1

[Event "Live Chess"]
[Site "Chess.com"]
[Date "2020.09.22"]
[Round "6"]
[White "jij2018"]
[Black "KyronGriffith"]
[Result "0-1"]
[ECO "B10"]
[WhiteElo "2242"]
[BlackElo "2470"]
[TimeControl "2100+2"]
[EndTime "21:00:33 PDT"]
[Termination "KyronGriffith won by resignation"]

1. e4 c6 2. Nf3 d5 3. Nc3 a6 4. d4 Bg4 5. h3 Bxf3 6. Qxf3 e6 7.
exd5 cxd5 8. Bd3 Nc6 9. Ne2 Nb4 10. c3 Nxd3+ 11. Qxd3 Nf6 12. O-O Be7 13. Bf4 O-O 14.
Ng3 Bd6 15. Be5 Bxe5 16. dxe5 Nd7 17. f4 Rc8 18. Rf2 g6 19. Qe3 Rc4 20. Rd1 Qb6 21.
Qxb6 Nxb6 22. Ne2 Nd7 23. Rf3 b5 24. Rd4 Rb8 25. Rf1 a5 26. Rc1 Rbc8 27. b3 R4c7 28.
a4 b4 29. c4 Nb6 30. c5 Rxc5 31. Rxc5 Rxc5 32. Kf2 Rc2 33. Rd3 Nd7 34. Kf3 Nc5 35.
Re3 Rd2 36. Nc1 Rd1 37. Na2 Ra1 38. Re2 Nxb3 39. Rb2 Nc5 40. Nxb4 axb4 41. Rxb4 Rxa4 42. Rb5 Ra3+ 43. Kg4 Ne4 44. Rb8+ Kg7 45. Rb2 h6 46.
Re2 Rg3+ 47. Kh4 g5+ 48. fxg5 hxg5+ 49. Kh5 Rxh3+ 50. gxh3 Ng3+ 51. Kxg5 Nxe2 52. Kg4 Nd4 0-1

[Event "Live Chess"]
[Site "Chess.com"]
[Date "2020.09.22"]
[Round "6"]
[White "jshah1331"]
[Black "MatnMatt20"]
[Result "0-1"]
[ECO "A40"]
[WhiteElo "1832"]
[BlackElo "1718"]
[TimeControl "2100+2"]
[EndTime "20:43:07 PDT"]
[Termination "MatnMatt20 won by resignation"]

1. d4 g6 2. Nf3 Bg7 3. c4 e6 4.
Nc3 Ne7 5. Bf4 d6 6. e3 Nd7 7. Be2 b6 8. O-O Bb7 9. Rc1 O-O 10. Re1 a6 11. a3 Rb8 12. b4 e5 13.
dxe5 dxe5 14. Bg3 Nf5 15. Nd5 Nxg3 16. hxg3 Nf6 17. Nxf6+ Qxf6 18. Qc2 Rfd8 19. Red1 Bc8 20. Rxd8+ Qxd8 21. Rd1 Qe7 22. Rd5 Be6 23. Rd1 Rd8 24.
Rxd8+ Qxd8 25. c5 a5 26. cxb6 cxb6 27. bxa5 bxa5 28. a4 Qb8 29. Bb5 Bf5 30. e4 Be6 31.
Qc3 Qd8 32. Nxe5 Qd1+ 33. Bf1 h6 34. Qd3 Qxa4 35. Nf3 Qa1 36. Nd2 a4 37. Kh2 a3 38.
Qd8+ Kh7 39. f4 a2 40. f5 Qd4 0-1

[Event "Live Chess"]
[Site "Chess.com"]
[Date "2020.09.22"]
[Round "6"]
[White "KenFee"]
[Black "vish1080"]
[Result "0-1"]
[ECO "D00"]
[WhiteElo "1884"]
[BlackElo "1664"]
[TimeControl "2100+2"]
[EndTime "20:35:41 PDT"]
[Termination "vish1080 won by resignation"]

1. d4 d5 2. Bf4 Nf6 3. e3 c5 4.
c3 Nc6 5. Nd2 e6 6. Ngf3 cxd4 7.
exd4 Nh5 8. Bg5 f6 9. Bh4 Be7 10. Bd3 Nf4 11. Bf1 Ng6 12. Bg3 e5 13. dxe5 fxe5 14.
Bb5 e4 15. Nd4 Bd7 16. Bxc6 bxc6 17. O-O O-O 18. b4 Bf6 19. N2b3 Be5 20. Nc5 Qe7 21. Nxd7 Qxd7 22. Qa4 Bxd4 23. cxd4 Nf4 24. Bxf4 Rxf4 25. Rac1 Rf6 26. Rc5 a6 27. Qc2 Raf8 28. Qe2 Qb7 29. a3 Qe7 30. Rc3 Qa7 31. Qd2 Qd7 32. Re3 Qg4 33. Qe2 Rf3 34. Qxa6 R8f6 35. Qa8+ Rf8 36. Qxc6 Rxf2 37. Qxd5+ Kh8 38. Qg8+ Kxg8 39. Rxf2 Qd1+ 0-1

[Event "Live Chess"]
[Site "Chess.com"]
[Date "2020.09.22"]
[Round "6"]
[White "Mangonel"]
[Black "Joseph_Truelsons_fan"]
[Result "0-1"]
[ECO "D30"]
[WhiteElo "1940"]
[BlackElo "1761"]
[TimeControl "2100+2"]
[EndTime "20:43:22 PDT"]
[Termination "Joseph_Truelsons_fan won by resignation"]

1. d4 d5 2. c4 e6 3. Nf3 Nf6 4. g3 dxc4 5. Bg2 Bb4+ 6. Bd2 Be7 7. Na3 Nc6 8. Nxc4 Nxd4 9. Nxd4 Qxd4 10. Qb3 Nd5 11. Rd1 Qc5 12. e4 Nb6 13. Ne3 O-O 14. Rc1 Qd6 15. a3 c5 16. Bc3 Qc7 17. O-O Bd7 18.
Qc2 Rfd8 19. Ng4 Ba4 20. Be5 Qxe5 21. Nxe5 Bxc2 22. Rxc2 Bf6 23. Rxc5 Na4 24. Rb5 a6 25. Rb4 Bxe5 26. Rxa4 Bxb2 27. Rb1 b5 28. e5 Ra7 29. Rxb2 bxa4 30. Rb6 g6 31. Bf1 Rd5 32. f4 Rd1 33. Kg2 Ra1 34. Bxa6 Rxa3 35. Bc4 Rc3 36. Rb8+ Kg7 37.
Rc8 a3 38. f5 gxf5 0-1

[Event "Live Chess"]
[Site "Chess.com"]
[Date "2020.09.22"]
[Round "6"]
[White "mathandchess2020"]
[Black "PlayerCreate1"]
[Result "1/2-1/2"]
[ECO "A45"]
[WhiteElo "2227"]
[BlackElo "1812"]
[TimeControl "2100+2"]
[EndTime "20:48:46 PDT"]
[Termination "Game drawn by repetition"]

1. d4 Nf6 2. Bf4 g6 3. Nf3 Bg7 4. e3 O-O 5. Be2 c5 6. O-O cxd4 7. exd4 d6 8. c3 Nc6 9. h3 Qb6 10. Qb3 Qa5 11. Nbd2 Be6 12. Qxb7 Rfc8 13. Qa6 Qc7 14. Qd3 Bf5 15. Qc4 Be6 16. Qa4 Rab8 17. b3 Bd7 18.
Qa3 Nd5 19. Bg5 Nxc3 20. Ba6 Re8 21. Rac1 Nd5 22. Bc4 e6 23. Bxd5 exd5 24. Rc2 Rb6 25.
Rfc1 Qb8 26. Be3 Bf8 27. Bf4 Nb4 28. Rc3 Ra6 29. Qb2 Nxa2 30. Nb1 Nxc1 31. Rxc1 Rb6 32. Nbd2 a5 33. Qa3 a4 34. bxa4 Rb4 35. a5 Ra4 36. Qd3 Rxa5 37. g4 Bb5 38. Qc3 Ra7 39. Qb3 Qb7 40. Rb1 Rb8 41. h4 Bd7 42. Qe3 Qc7 43.
Rxb8 Qxb8 44. g5 Bf5 45. h5 Re7 46. Qa3 Re6 47. Nf1 Bg4 48. hxg6 hxg6 49. N3h2 Bf5 50. Ng3 Qb1+ 51. Kg2 Be4+ 52. Kh3 Qg1 53. f3 Bf5+ 54. Nxf5 gxf5 55. Qd3 Rg6 56. Qxf5 Rg7 57. Ng4 Qf1+ 58. Kg3 Qg1+ 59. Kh3 Qh1+ 60. Kg3 Qg1+ 61. Kh3 1/2-1/2

[Event "Live Chess"]
[Site "Chess.com"]
[Date "2020.09.22"]
[Round "6"]
[White "mwncklmann"]
[Black "chessboi2010"]
[Result "1-0"]
[ECO "A50"]
[WhiteElo "1866"]
[BlackElo "1628"]
[TimeControl "2100+2"]
[EndTime "20:54:05 PDT"]
[Termination "mwncklmann won by resignation"]

1. c4 Nf6 2. d4 g6 3. Nc3 Bg7 4. e4 d6 5. Nf3 O-O 6. Be2 e5 7. O-O exd4 8. Nxd4 Re8 9. f3 a6 10. Be3 Nbd7 11. Qc2 c5 12. Nb3 b6 13. Rfd1 Qc7 14.
Qd2 Re6 15. a4 Bb7 16. a5 Rd8 17. axb6 Nxb6 18. Nxc5 Re5 19. Nxb7 Qxb7 20. c5 Nc8 21. Bxa6 Qd7 22. cxd6 Nxd6 23. Bf4 Qe6 24. Bxe5 Qxe5 25. Nb5 Qc5+ 26. Kh1 Bf8 27. Qc3 Ndxe4 28. fxe4 Nxe4 29. Qxc5 Rxd1+ 30. Rxd1 Bxc5 31. Rd8+ Kg7 32. g3 1-0

[Event "Live Chess"]
[Site "Chess.com"]
[Date "2020.09.22"]
[Round "6"]
[White "nicarmt"]
[Black "chessappeals"]
[Result "1-0"]
[ECO "B06"]
[WhiteElo "1883"]
[BlackElo "1783"]
[TimeControl "2100+2"]
[EndTime "21:14:08 PDT"]
[Termination "nicarmt won on time"]

1. e4 c6 2. d4 g6 3. f3 Bg7 4. Be3 d5 5. Nc3 dxe4 6. fxe4 Nf6 7. Nf3 O-O 8. Be2 b6 9. O-O Ba6 10. Bd3 Ng4 11. Qe2 Nxe3 12. Qxe3 Bxd3 13. cxd3 Nd7 14. Rac1 c5 15. Ne2 cxd4 16. Nexd4 Ne5 17. Nxe5 Bxe5 18. Nc6 Qd6 19. Nxe5 Qxe5 20. Rc3 Rac8 21. Rfc1 Rxc3 22. Rxc3 Rd8 23. Rc2 Qd4 24. Qxd4 Rxd4 25. Rc3 Kg7 26. Kf2 Kf6 27. Ke3 e5 28. a3 Rd6 29. Rc4 Ke6 30.
Rc8 h5 31. Re8+ Kf6 32. Rc8 Ke6 33. b4 b5 34. Rc5 a6 35. Rc1 f5 36. g3 fxe4 37.
dxe4 Kf6 38. Rc8 Kg5 39. Rc5 Kf6 40. h4 Ke6 41. Rc8 Kf6 42. Rf8+ Ke7 43. Rc8 Ke6 44. Rc5 Kf6 45. Rc7 Ke6 46. Rc1 Kf6 47. Rc3 Ke6 48.
Rc8 Kf6 49. Rg8 Kf7 50. Rc8 Ke6 51. Rc7 Kf6 52. Rc2 Ke6 53. Rc3 Kf6 54. Rd3 Rc6 55.
Kf3 Ke6 56. Ke3 Kf6 57. Kd2 Ke6 58. Rd8 Rc4 59. Kd3 Rc6 60. Rg8 Kf7 61. Ra8 Ke6 62.
Rd8 Kf6 63. Rd5 Ke6 64. Ke3 Kf6 65. Rd3 Ke6 66. Kf3 Kf6 67. g4 hxg4+ 68. Kxg4 Rc4 69.
Re3 Kg7 70. Kg5 Rc6 71. Rd3 Re6 72. Rd7+ Kg8 73. Rd8+ Kf7 74. Rd7+ Kg8 75. Kh6 Kf8 76. Rd8+ Ke7 77. Rg8 Kf7 78. Rg7+ 1-0

[Event "Live Chess"]
[Site "Chess.com"]
[Date "2020.09.22"]
[Round "6"]
[White "ninjaforce"]
[Black "ahyanzaman"]
[Result "1-0"]
[ECO "B56"]
[WhiteElo "1958"]
[BlackElo "1699"]
[TimeControl "2100+2"]
[EndTime "20:20:05 PDT"]
[Termination "ninjaforce won by resignation"]

1. e4 c5 2. Nf3 Nc6 3. d4 cxd4 4.
Nxd4 Nf6 5. Nc3 d6 6. Bc4 g6 7. f3 Bg7 8. Be3 Qb6 9. Bb5 a6 10. Nf5 Qa5 11. Bxc6+ bxc6 12. Nxg7+ Kd7 13. O-O Rg8 14.
Bh6 Qh5 15. Qd2 Qh4 16. Bg5 Nxe4 17. Nxe4 1-0

[Event "Live Chess"]
[Site "Chess.com"]
[Date "2020.09.22"]
[Round "6"]
[White "noydan100"]
[Black "draidus"]
[Result "1-0"]
[ECO "C24"]
[WhiteElo "1235"]
[BlackElo "1499"]
[TimeControl "2100+2"]
[EndTime "20:43:57 PDT"]
[Termination "noydan100 won by resignation"]

1. e4 e5 2. Bc4 Nf6 3. d4 Nc6 4. d5 Na5 5. Bd3 b6 6. f4 Bd6 7. Nf3 exf4 8. e5 Bxe5 9. Nxe5 Nxd5 10. Qh5 Qe7 11. O-O g5 12. Nf3 Qc5+ 13. Kh1 Nf6 14. Re1+ Kf8 15. Qh6+ 1-0

[Event "Live Chess"]
[Site "Chess.com"]
[Date "2020.09.22"]
[Round "6"]
[White "pika0008"]
[Black "etvat"]
[Result "1-0"]
[ECO "A15"]
[WhiteElo "1607"]
[BlackElo "2120"]
[TimeControl "2100+2"]
[EndTime "21:11:07 PDT"]
[Termination "pika0008 won on time"]

1. Nf3 Nf6 2. c4 e6 3. Nc3 d5 4. e3 c6 5. b3 Nbd7 6. Bb2 Be7 7. Be2 O-O 8. Rg1 Ne4 9. d3 Nxc3 10. Bxc3 Bf6 11. d4 Re8 12. g4 h6 13. Qc2 Qc7 14.
O-O-O Qd8 15. Rg2 b6 16. Rdg1 g5 17. h4 Nf8 18. Ne5 Bxe5 19. dxe5 Ng6 20. h5 Nf8 21. f4 Bb7 22. fxg5 Qxg5 23. Bd2 Nd7 24. Kb1 c5 25. e4 Qxe5 26. g5 d4 27. Bd3 Kh8 28. Bc1 a6 29. Rf1 Qd6 30. Rxf7 Ne5 31. Qf2 Qd8 32.
g6 Kg8 33. Qf4 Nxd3 34. Qxh6 1-0

[Event "Live Chess"]
[Site "Chess.com"]
[Date "2020.09.22"]
[Round "6"]
[White "starserika18"]
[Black "SaintReturns"]
[Result "0-1"]
[ECO "D02"]
[WhiteElo "1693"]
[BlackElo "823"]
[TimeControl "2100+2"]
[EndTime "20:53:50 PDT"]
[Termination "SaintReturns won by resignation"]

1. d4 d5 2. Nf3 Nf6 3. Bf4 Bf5 4. Nbd2 e6 5. e3 Bd6 6. Bg3 Nc6 7. a3 a6 8. Rc1 O-O 9. c4 Bg4 10. c5 Be7 11.
Be2 Qd7 12. h3 Bh5 13. Qc2 Rac8 14. Bh4 b6 15. Bxf6 Bxf6 16. Ne5 Bxe5 17. Bxh5 Bf6 18.
Be2 e5 19. Bg4 Qe7 20. Bxc8 Rxc8 21. cxb6 cxb6 22. dxe5 Bxe5 23. Nf3 d4 24. Qf5 Rc7 25. O-O dxe3 26. fxe3 Bxb2 27. Rce1 Bxa3 28. Nd4 Ne5 29. Nf3 Nxf3+ 30. Qxf3 Rc8 31. Re2 Bc5 32. Kh1 Re8 33. e4 a5 34. Qf5 a4 35. e5 a3 36. Qb1 Rb8 37. Qb3 Qe6 38. Qa4 b5 39. Qa5 Qc4 40.
Qc7 Ra8 41. Qb7 Qxe2 42. Qxa8+ Bf8 43. Ra1 b4 44. Qd5 Qc2 45. e6 Qg6 46. Re1 fxe6 47.
Rxe6 Qb1+ 48. Kh2 Kh8 49. Qf5 Qxf5 0-1

[Event "Live Chess"]
[Site "Chess.com"]
[Date "2020.09.22"]
[Round "6"]
[White "swimgrass"]
[Black "echecsmike"]
[Result "1-0"]
[ECO "A13"]
[WhiteElo "1363"]
[BlackElo "1446"]
[TimeControl "2100+2"]
[EndTime "20:27:10 PDT"]
[Termination "swimgrass won by resignation"]

1. c4 e6 2. g3 Nf6 3. Bg2 d5 4. cxd5 exd5 5. d4 Bg4 6. Nf3 Bd6 7. Nc3 c6 8. Bg5 Nbd7 9. e4 dxe4 10. Qe2 Qa5 11.
O-O Bf5 12. Nh4 O-O 13. Nxf5 Qxf5 14. Nxe4 Rfe8 15. Nxf6+ Nxf6 16. Qd2 Nd5 17. Rfe1 Bb4 18. Rxe8+ Rxe8 19. Qc1 Re1+ 20. Qxe1 Bxe1 21. Rxe1 Kf8 22. Bh4 Qc2 23. Bh3 Qxb2 24. Bd7 f6 25. Be8 g5 26.
Bxg5 fxg5 27. Bh5 Ne7 28. Re6 Qxd4 29. Kf1 Qd1+ 30. Bxd1 Kf7 31. Rh6 Kg7 32. Rh5 h6 33. f4 gxf4 34. gxf4 c5 35. Rxc5 1-0

[Event "Live Chess"]
[Site "Chess.com"]
[Date "2020.09.22"]
[Round "6"]
[White "victor6688"]
[Black "chesspoki"]
[Result "0-1"]
[ECO "C44"]
[WhiteElo "1054"]
[BlackElo "1331"]
[TimeControl "2100+2"]
[EndTime "20:38:25 PDT"]
[Termination "chesspoki won by checkmate"]

1. e4 e5 2. Nf3 Nc6 3. d4 exd4 4. Bc4 Bc5 5. c3 dxc3 6. Bxf7+ Kxf7 7. Qd5+ Ke8 8. Qxc5 Nf6 9. Nxc3 d6 10. Qg5 Kf7 11. h3 Re8 12. Qf4 Kg8 13. O-O Ne5 14. Be3 Nd3 15. Qg3 Nxe4 16. Nxe4 Rxe4 17. Bh6 Qf6 18. Ng5 Rd4 19. Qe3 gxh6 20. Ne4 Qe5 21. Rad1 Bf5 22. Ng3 Bg6 23. Qxh6 Rf8 24. Rd2 Rdf4 25.
Re2 Qc5 26. Re7 R4f7 27. Re2 Rxf2 28. Rexf2 Rxf2 29. Rxf2 Qxf2+ 30. Kh2 Ne1 31. Qd2 Qxd2 32. Nf1 Qxg2# 0-1